cohdb
Replays
Latest Replays
All Replays
Popular Replays
Top Player Replays
Match Explorer
How It Works
Community
CoH3 Stats
Reddit
Sign in to upload your games and track your stats! →
Sign in with Steam
Match 41783260
Unlisted
Match 41783260
Overview
Messages
Build Orders
End
Construct Weapon Support Center
Engineer Squad
M1919 Machine Gun Team
M1919 Machine Gun Team
Bazooka Squad
Bazooka Squad
Infantry Support Center
Construct Motor Pool
.30 cal Machine Gun
M1 Anti-tank Gun Team
Survival Training
Mortar Pit
M3 Armored Personnel Carrier
M3 Armored Personnel Carrier
Selects Heavy Weapons
Selects Assault Carriers
Selects Exchangeable Parts
.30 cal Machine Gun
Construct Tank Depot
.30 cal Machine Gun
roland8510
Rechter Winkel
<Scippio>
oldeenglishdry
alphaelf
(GER) Eric
jaws2005
Mael Radec
0
0
Comments
sign in to comment!
No comments posted yet!